 Dungeon Crawl Stone Soup version 0.29.1-1-gd02db6906a (webtiles) character file.

Game seed: 8847070684888496345

116 RogueRain17 the Ducker (level 4, 33/33 HPs)
             Began as a Demonspawn Gladiator on Sept 18, 2022.
             Got out of the dungeon alive.
             The game lasted 00:02:45 (1939 turns).

RogueRain17 the Ducker (Demonspawn Gladiator)       Turns: 1939, Time: 00:02:45

Health: 33/33      AC:  6    Str: 17    XL:     4   Next: 69%
Magic:  4/4        EV: 13    Int:  9    God:
Gold:   60         SH:  4    Dex: 14    Spells: 3/3 levels left

rFire   . . .      SeeInvis +     - Unarmed
rCold   . . .      Faith    .   (no shield)
rNeg    . . .      Spirit   .   a - +0 leather armour
rPois   .          Reflect  .   b - +0 helmet
rElec   .          Harm     .   (no cloak)
rCorr   .          Rampage  .   (no gloves)
Will    .....                   (no boots)
Stlth   +.........              (no amulet)
HPRegen 0.11/turn               f - ring of see invisible
MPRegen 0.09/turn               (no ring)

@: no status effects
A: icemail 1, sturdy frame 1, condensation shield, deformed body, subdued magic
1, devolution 1
a: no special abilities


You escaped.
You visited 1 branch of the dungeon, and saw 2 of its levels.

You collected 60 gold pieces.

Inventory:

Missiles
 c - 3 throwing nets (quivered)
 d - a javelin
Armour
 a - a +0 leather armour (worn)
 b - a +0 helmet (worn)
Jewellery
 f - a ring of see invisible (left hand)
 k - a +4 ring of evasion
Scrolls
 h - 2 scrolls of silence {unknown}
 i - 5 scrolls of identify {unknown}
 l - a scroll of enchant armour {unknown}
 m - a scroll of torment {unknown}
 n - a scroll of poison {unknown}
 o - a scroll of immolation {unknown}
Potions
 j - a potion of heal wounds


   Skills:
 - Level 2.0 Fighting
 - Level 1.7 Throwing
 + Level 4.0 Dodging
 + Level 4.0 Unarmed Combat


You had 3 spell levels left.
You didn't know any spells.
Your spell library was empty.

Dungeon Overview and Level Annotations

Branches:
Dungeon (2/15)

Altars:


Innate Abilities, Weirdness & Mutations

A meltable icy envelope protects you from harm. (AC +4)
Your movements are slightly less encumbered by armour. (ER -2)
A meltable shield of frost defends you. (SH +4)
Armour fits poorly on your strangely shaped body.
Your spells are a little easier to cast, but a little less powerful.
You have hidden genetic defects.


Message History

No target in view!
You start resting.
You feel less wooden.
Your +0 helmet unmelds from your body.
Your +0 leather armour unmelds from your body.
HP restored.
i - 5 scrolls labelled JOIV ECRYZI (gained 1)
You see here a +0 club.
There is an open door here.
Found a stone staircase leading down.
There is a stone staircase leading down here.
Found a stone staircase leading down.
There is a stone staircase leading down here.
Found a glowing golden altar of the Shining One.
A goblin comes into view. It is wielding a +0 dagger.
A goblin is nearby!
A bat comes into view.
The goblin shouts!
The bat barely misses you.
You miss the bat. The bat hits you but does no damage.
You hit the goblin.
You kill the goblin!
The bat barely misses you. The bat hits you but does no damage.
There is a glowing golden altar of the Shining One here.
The bat barely misses you.
You hit the bat.
You kill the bat!
No target in view!
No target in view!
No target in view!
You see here a bat skeleton.
There is a stone staircase leading up here.
You climb upwards.
There is a stone staircase leading down here.
There is an open door here.
There is an open door here.
There is a staircase leading out of the dungeon here.
Are you sure you want to leave the Dungeon?
This will make you lose the game!
You have escaped!

##...................#.#
#####
######################.#
# .P....... #.# #
#.....P..P.P# ####.#
###################....#
.......# #.........#####
# ######.# #.......#.# #
# #.# #>#.#.#'#.# #
#P##.###.#.#.#@#.#
#.#........[.#+#.#
#.##.###.#.#...#.# #
##.# #.#.#####.# #..#
#.########## #### #..#.
P.. .# ####.......# ###
#..###.P###### ###
##.######bP#.#..#...)#
#..


There were no monsters in sight!

Vanquished Creatures
  An ogre (D:2)
  An adder (D:2)
  A dart slug (D:1)
  2 ball pythons
  An endoplasm (D:1)
  A giant cockroach (D:1)
  2 goblins (D:2)
  6 hobgoblins
  2 kobolds (D:1)
  3 bats (D:2)
20 creatures vanquished.

Notes
Turn   | Place    | Note
-------+----------+-------------------------------------------
     0 | D:1      | RogueRain17 the Demonspawn Gladiator began the quest for
                  | the Orb.
     0 | D:1      | Reached XP level 1. HP: 16/16 MP: 1/1
   547 | D:1      | Gained mutation: Your movements are slightly less
                  | encumbered by armour. (ER -2) [demonic ancestry]
   547 | D:1      | Reached XP level 2. HP: 20/22 MP: 2/2
  1151 | D:2      | Noticed an ogre
  1499 | D:2      | Gained mutation: A meltable shield of frost defends you.
                  | (SH +4) [demonic ancestry]
  1499 | D:2      | Reached XP level 3. HP: 14/27 MP: 3/3
  1703 | D:2      | Gained mutation: You have hidden genetic defects. [potion
                  | of mutation]
  1703 | D:2      | Gained mutation: Armour fits poorly on your strangely
                  | shaped body. [potion of mutation]
  1709 | D:2      | Killed an ogre
  1710 | D:2      | Gained mutation: A meltable icy envelope protects you from
                  | harm. (AC +4) [demonic ancestry]
  1710 | D:2      | Reached XP level 4. HP: 33/33 MP: 4/4
  1720 | D:2      | Gained mutation: Your spells are a little easier to cast,
                  | but a little less powerful. [hidden defects]
  1939 | D:$      | Got out of the dungeon alive.

Illustrated notes

Levels and vault maps discovered:
D:1:      dpeg_arrival_tiny_c, layout_loops_corners, serial_aquarium,
          aquarium_bridge_square [aquarium_subvault_window,
          aquarium_subvault_bridge, aquarium_subvault_bridge,
          aquarium_subvault_window], aquarium_window_fake,
          aquarium_window_corridor_1, aquarium_window_corner,
          aquarium_window_fake, aquarium_view_2d, aquarium_balcony_1a
D:2:      layout_basic, basic_altar, dreamdust_ecumenical_altar_statues,
          uniq_crazy_yiuf_cottage

Skill      XL: |  1  2  3 |
---------------+----------+-----
Dodging        | 3 4 |  4.0
Unarmed Combat | 3 4 |  4.0
Fighting       | |  2.0
Throwing       | |  1.7

Action                   |  1- 3 |  4- 6 || total
-------------------------+-------+-------++-------
Melee: Unarmed           |    70 |     4 ||    74
       Punch             |     1 |       ||     1
  Use: Potion            |     3 |       ||     3
 Stab: Sleeping          |     1 |       ||     1
Armor: Leather armour    |    19 |     2 ||    21
Dodge: Dodged            |    46 |     3 ||    49
Block: Other             |     2 |       ||     2
